 Dungeon Crawl Stone Soup version 0.28.0-43-g3370ac3207 (webtiles) character file.

Game seed: 15299145165570795032

3254 Zeld the Thaumaturge (level 9, -6/45 HPs)
             Began as a Deep Elf Fire Elementalist on Mar 15, 2022.
             Was a Follower of Vehumet.
             Mangled by an ogre
             ... wielding a +0 giant spiked club
              (15 damage)
             ... on level 9 of the Dungeon on Mar 16, 2022.
             The game lasted 00:13:18 (11913 turns).

Zeld the Thaumaturge (Deep Elf Fire Elementalist)  Turns: 11913, Time: 00:13:19

Health: -6/45      AC:  5    Str:  5    XL:     9   Next: 67%
Magic:  9/25       EV: 13    Int: 25    God:    Vehumet [*.....]
Gold:   270        SH:  0    Dex: 15    Spells: 22/29 levels left

rFire   . . .      SeeInvis +   a - +7 scimitar
rCold   . . .      Faith    .   (no shield)
rNeg    . . .      Spirit   .   E - +0 robe
rPois   .          Reflect  .   (no helmet)
rElec   .          Harm     .   q - +0 cloak
rCorr   +          Rampage  .   w - +0 pair of gloves
Will    .....                   p - +0 pair of boots
Stlth   +++.......              (no amulet)
HPRegen 0.15/turn               f - ring of resist corrosion
MPRegen 0.19/turn               y - ring of see invisible

@: no status effects
A: no striking features
a: Renounce Religion


You were on level 9 of the Dungeon.
You worshipped Vehumet.
Vehumet was aware of your devotion.
You visited 2 branches of the dungeon, and saw 10 of its levels.

You collected 631 gold pieces.
You spent 361 gold pieces at shops.

Inventory:

Hand Weapons
 a - a +7 scimitar (weapon)
Armour
 p - a +0 pair of boots (worn)
 q - a +0 cloak (worn)
 w - a +0 pair of gloves (worn)
 E - a +0 robe (worn)
Jewellery
 f - a ring of resist corrosion (left hand)
 y - a ring of see invisible (right hand)
Wands
 j - a wand of charming (10)
 n - a wand of paralysis (13)
 t - a wand of flame (27)
 x - a wand of acid (9)
 C - a wand of digging (5)
Scrolls
 b - 3 scrolls of magic mapping
 c - a scroll of summoning
 d - 2 scrolls of identify
 g - 3 scrolls of teleportation
 h - a scroll of amnesia
 r - a scroll of fear
 u - a scroll of enchant armour
 v - a scroll of holy word
 B - 2 scrolls of blinking
Potions
 e - a potion of mutation {unknown}
 i - 6 potions of curing
 k - 2 potions of resistance {unknown}
 l - a potion of flight {unknown}
 m - a potion of degeneration {unknown}
 o - 2 potions of lignification {unknown}
 s - a potion of attraction {unknown}
 z - a potion of invisibility {unknown}
 A - a potion of berserk rage {unknown}
 D - a potion of ambrosia {unknown}


   Skills:
 * Level 2.2 Long Blades
 - Level 4.0 Dodging
 - Level 6.0 Stealth
 * Level 10.7 Spellcasting
 + Level 6.1 Conjurations
 * Level 9.2 Fire Magic


You had 22 spell levels left.
You knew the following spells:

 Your Spells              Type           Power      Damage    Failure   Level
a - Foxfire               Conj/Fire      100%       2x1d9     1%          1
b - Scorch                Fire           100%       2d10      1%          2
c - Flame Wave            Conj/Fire      51%        2d10      1%          4

Your spell library contained the following spells:

 Spells                   Type           Power      Damage    Failure   Level
 Freeze                   Ice            52%        1d7       4%          1
 Magic Dart               Conj           100%       1d8       1%          1
 Conjure Flame            Conj/Fire      51%        6-21      1%          3
 Inner Flame              Hex/Fire       36%        N/A       1%          3
 Mephitic Cloud           Conj/Pois/Air  23%        N/A       6%          3
 Call Imp                 Summ           13%        N/A       7%          2
 Sublimation of Blood     Necr           13%        N/A       7%          2
 Wereblood                Tmut           13%        N/A       7%          2
 Ozocubu's Armour         Ice            13%        N/A       14%         3
 Metabolic Englaciation   Hex/Ice        6%         N/A       77%         5
 Simulacrum               Ice/Necr       6%         N/A       100%        6
 Summon Hydra             Summ           6%         N/A       100%        7


Dungeon Overview and Level Annotations

Branches:
Dungeon (9/15)             Temple (1/1) D:6
   Lair: D:8-11         Orc: D:9-12

Altars:
Ashenzari
Cheibriados
Dithmenos
Elyvilon
Fedhas
Gozag
Hepliaklqana
Kikubaaqudgha
Makhleb
Nemelex Xobeh
Okawaru
Qazlal
Ru
Sif Muna
Trog
Uskayaw
Vehumet
Wu Jian
Xom
Yredelemnul
Zin
The Shining One
Lugonu

Shops:
D:2 ?

Annotations:
D:9 exclusions: centaur warrior, freezing wraith and zombie, Harold


Message History

You barely miss the orc. The orc hits you with a +0 dagger. The orc misses you.
You hit the orc.
The orc is heavily wounded.
The orc hits you but does no damage.
An orc comes into view. It is wielding a +0 mace.
You slash the orc!
You kill the orc!
Vehumet accepts your kill.
You closely miss the orc. The orc closely misses you.
You closely miss the orc. The orc barely misses you.
The orc hits you with a +0 mace.
You slash the orc!
You kill the orc!
Vehumet accepts your kill.
An orc comes into view. It is wielding a +0 club.
The orc shouts!
The orc barely misses you.
You hear a shout! x4
Items here: $ ( )))))) [[ †††††.
An orc and an ogre come into view.
The ogre shouts!
There are monsters nearby!
You slash the orc!
You kill the orc!
Vehumet accepts your kill.
An orc and an orc priest come into view.
The orc moves out of view.
Items here: ( ))))))) [[[ ††††.
You slash the ogre!
The ogre is heavily wounded.
The orc priest calls down the wrath of Beogh upon you.
Beogh smites you! The ogre completely misses you.
You hit the ogre.
The ogre is heavily wounded.
The ogre hits you with a +0 giant spiked club!!
* * * LOW HITPOINT WARNING * * *
You slash the ogre!
The ogre is almost dead.
The ogre hits you with a +0 giant spiked club!
You die... #.... #....... #.... #...... #)... #..... #.... #.... #.... #o.. #.... #Oo

######.... #O#
###.........
#@#####...........
#.)...............
#######.####..####
#.#........#
#.#..####..#
#.#.#....#.# #...
W#.#.. ##... c.#..
#..#.# .#.#


You could see 2 ogres, an orc priest and an orc.

Vanquished Creatures
  Prince Ribbit (D:7)
  A shadow (D:9)
  A vampire mosquito (D:6)
  Menkaure (D:5)
  A water moccasin (D:7)
  A black bear (D:7)
  2 sky beasts
  A hornet zombie (D:7)
  2 orc warriors
  2 necrophages
  4 centaurs
  Blork the orc (D:5)
  4 scorpions
  A wyvern zombie (D:4)
  A water moccasin zombie (D:5)
  A wyvern skeleton (D:6)
  2 water moccasin skeletons
  3 wights (D:8)
  2 centaur zombies (D:8)
  3 hounds
  3 orc priests
  A jelly (D:4)
  Crazy Yiuf (D:6)
  4 iguanas
  Terence (D:3)
  Ijyb (D:3)
  6 orc wizards
  A killer bee zombie (D:7)
  7 adders
  A howler monkey skeleton (D:5)
  A shadow imp (D:8)
  2 worms
  4 dart slugs
  28 orcs
  10 endoplasms
  5 giant cockroaches
  6 goblins
  4 hobgoblins
  4 jackals (D:1)
  6 quokkas
  7 ball pythons
  3 bats (D:1)
  4 frilled lizards
  5 kobolds
  6 rats
156 creatures vanquished.

Vanquished Creatures (others)
  367 foxfires
367 creatures vanquished.

Grand Total: 523 creatures vanquished

Notes
Turn   | Place    | Note
-------+----------+-------------------------------------------
     0 | D:1      | Zeld the Deep Elf Fire Elementalist began the quest for the
                  | Orb.
     0 | D:1      | Reached XP level 1. HP: 10/10 MP: 6/6
   120 | D:1      | Reached XP level 2. HP: 2/15 MP: 0/8
   387 | D:1      | Learned a level 2 spell: Scorch
  1535 | D:2      | Reached XP level 3. HP: 19/19 MP: 6/10
  1607 | D:2      | Found Pakul's Magic Scroll Shop.
  1620 | D:2      | Bought a scroll of identify for 22 gold pieces
  1620 | D:2      | Bought a scroll of identify for 22 gold pieces
  1890 | D:2      | Reached skill level 4 in Spellcasting
  1955 | D:2      | Found a faded altar of an unknown god.
  2220 | D:2      | Reached XP level 4. HP: 24/24 MP: 8/12
  3042 | D:2      | Bought a scroll of teleportation for 33 gold pieces
  3228 | D:3      | Noticed Terence
  3234 | D:3      | Killed Terence
  3375 | D:3      | Noticed Ijyb
  3385 | D:3      | Killed Ijyb
  3386 | D:3      | Reached XP level 5. HP: 28/28 MP: 2/14
  4276 | D:4      | Found an iron altar of Okawaru.
  4353 | D:4      | Reached skill level 5 in Spellcasting
  4687 | D:4      | Learned a level 4 spell: Flame Wave
  4764 | D:4      | Reached XP level 6. HP: 28/32 MP: 9/15
  4768 | D:4      | Reached skill level 5 in Fire Magic
  5693 | D:4      | Found the macabre finger necklace {rN+}
  5821 | D:5      | Entered Level 5 of the Dungeon
  5981 | D:5      | Noticed Menkaure
  6008 | D:5      | Killed Menkaure
  6009 | D:5      | Reached skill level 6 in Spellcasting
  6009 | D:5      | Reached XP level 7. HP: 36/36 MP: 12/18
  6747 | D:6      | Noticed Blork the orc
  7035 | D:5      | Killed Blork the orc
  7036 | D:5      | Reached skill level 7 in Spellcasting
  7113 | D:6      | Reached skill level 5 in Stealth
  7495 | D:6      | Identified the ring "Cadociv" {AC+4 Str+2}
  7535 | D:5      | Reached XP level 8. HP: 21/41 MP: 15/21
  7586 | D:2      | Bought a scroll of fear for 38 gold pieces
  7586 | D:2      | Bought a scroll of enchant armour for 82 gold pieces
  7586 | D:2      | Bought a scroll of holy word for 82 gold pieces
  7586 | D:2      | Bought a scroll of enchant weapon for 82 gold pieces
  7940 | D:6      | Reached skill level 8 in Spellcasting
  7942 | D:6      | HP: 2/41 [vampire mosquito (10)]
  8324 | D:6      | Found a staircase to the Ecumenical Temple.
  8360 | D:6      | Found a runed translucent door.
  8361 | D:6      | Noticed Crazy Yiuf
  8587 | Temple   | Entered the Ecumenical Temple
  8615 | Temple   | Became a worshipper of Vehumet
  8750 | D:6      | Found a hazy altar of Hepliaklqana.
  8751 | D:6      | Found a glowing golden altar of the Shining One.
  8803 | D:6      | Found a shimmering blue altar of Sif Muna.
  8807 | D:6      | Found a sacrificial altar of Ru.
  8807 | D:6      | Found an opulent altar of Gozag.
  8807 | D:6      | Found a shimmering altar of Xom.
  8807 | D:6      | Found a blossoming altar of Fedhas.
  8808 | D:6      | Found a broken altar of Ashenzari.
  8809 | D:6      | Found a white marble altar of Elyvilon.
  8810 | D:6      | Found a hide-covered altar of Uskayaw.
  8811 | D:6      | Found a snail-covered altar of Cheibriados.
  8812 | D:6      | Found a shadowy altar of Dithmenos.
  8887 | D:6      | Killed Crazy Yiuf
  8979 | D:7      | Noticed Prince Ribbit
  8983 | D:7      | Killed Prince Ribbit
  8984 | D:7      | Reached skill level 9 in Spellcasting
  8990 | D:7      | Reached skill level 5 in Conjurations
  9006 | D:7      | Reached XP level 9. HP: 29/45 MP: 8/24
  9183 | D:7      | Identified the +2 chain mail "Dein" {Rampage Will++ Dex-5
                  | SInv}
 10474 | D:8      | Reached skill level 10 in Spellcasting
 10725 | D:8      | Reached skill level 1 in Long Blades
 11332 | D:9      | Noticed a freezing wraith
 11332 | D:9      | Noticed a centaur warrior
 11377 | D:9      | Noticed Harold
 11868 | D:9      | Reached * piety under Vehumet
 11868 | D:9      | Offered knowledge of Freeze by Vehumet.
 11913 | D:9      | Mangled by an ogre

Illustrated notes

Levels and vault maps discovered:
D:1:      saegor_arrival_simple_a, layout_basic
D:2:      layout_basic, serial_shops, shop, ebering_ecumenical_altar_petrified,
          minmay_misc_feat_tower
D:3:      layout_loops_ring, uniq_terence, uniq_ijyb
D:4:      layout_basic, amcnicky_altar_gilded
D:5:      layout_basic, uniq_menkaure
D:6:      layout_cave_pools, minitemple, minmay_temple_entry_fiery,
          minmay_manual_monstrance, uniq_crazy_yiuf_cottage, uniq_blork_the_orc
D:7:      layout_basic, serial_curves, eino_curves_01, eino_curves_04,
          uniq_prince_ribbit1
D:8:      layout_basic
D:9:      layout_basic, special_room [special_room_orc],
          statue_in_the_mist_lemuel, kennysheep_doodads, hex_large,
          minivault_20, uniq_harold
Temple:   corrupted_temple

Skill      XL: |  1  2  3  4  5  6  7  8  9 |
---------------+----------------------------+-----
Spellcasting   | 4 5 6 7 9 10 | 10.7
Fire Magic     | 4 5 6 8 9 |  9.2
Dodging        | 3 4 |  4.0
Stealth        | 3 4 5 6 |  6.0
Conjurations   | 2 3 4 5 6 |  6.1
Long Blades    | 2 |  2.2

Action                   |  1- 3 |  4- 6 |  7- 9 || total
-------------------------+-------+-------+-------++-------
Melee: Unarmed           |       |     1 |     3 ||     4
       Scimitar          |       |       |    26 ||    26
       Punch             |       |       |     1 ||     1
 Cast: Foxfire           |    98 |   103 |    16 ||   217
       Scorch            |     3 |    26 |   133 ||   162
       Flame Wave        |       |       |     1 ||     1
Evoke: Wand              |       |       |     4 ||     4
  Use: Scroll            |     2 |     2 |     4 ||     8
       Potion            |       |       |     1 ||     1
Armor: Robe              |     3 |     3 |    33 ||    39
Dodge: Dodged            |    11 |    15 |    81 ||   107
